 Dungeon Crawl Stone Soup version 0.31.0-12-g77e489cdc1 (webtiles) character file.

Game seed: 12544904274675819349

157 Doot the Grave Robber (level 5, -3/35 HPs)
             Began as a Vampire Necromancer on Feb 27, 2024.
             Slain by an ogre
             ... wielding a +0 giant club
              (21 damage)
             ... on level 4 of the Dungeon.
             The game lasted 00:04:40 (2170 turns).

Doot the Grave Robber (Vampire Necromancer)         Turns: 2170, Time: 00:04:41

Health: -3/35      AC: 11    Str:  7    XL:     5   Next: 15%
Magic:  9/10       EV: 12    Int: 19    God:
Gold:   172        SH:  0    Dex: 15    Spells: 9/10 levels left

rFire   . . .        g - +0 dagger
rCold   . . .        (no shield)
rNeg    . . .        p - +2 robe {Will+}
rPois   +            (no helmet)
rElec   .            (no cloak)
rCorr   .            (no gloves)
SInv    +            i - +2 pair of boots
Will    +....        (no amulet)
Stlth   ++           m - +4 ring of protection
HPRegen 0.45/turn    u - ring of poison resistance
MPRegen 0.12/turn

%: no passive effects
@: healing quickly
A: alive, fangs 3, see invisible, vampiric 2
a: Exsanguinate


You were on level 4 of the Dungeon.
You visited 1 branch of the dungeon, and saw 4 of its levels.

You collected 172 gold pieces.

Inventory:

Hand Weapons
 g - a +0 dagger (weapon)
Missiles
 s - 2 throwing nets
Armour
 a - a +0 robe
 i - a +2 pair of boots (worn)
 p - a +2 robe of willpower (worn)
Jewellery
 m - a +4 ring of protection (left hand)
 u - a ring of poison resistance (right hand)
 w - a +4 ring of protection
 E - an amulet of magic regeneration
Talismans
 y - a flux talisman
Wands
 q - a wand of flame (3)
Scrolls
 c - 5 scrolls of identify {unknown}
 e - 2 scrolls of amnesia {unknown}
 h - a scroll of teleportation {unknown}
 k - a scroll of poison {unknown}
 n - 2 scrolls of enchant weapon {unknown}
 o - 2 scrolls of vulnerability {unknown}
 r - a scroll of blinking {unknown}
 x - a scroll of enchant armour {unknown}
 A - 2 scrolls of revelation {unknown}
 D - a scroll of fog {unknown}
Potions
 b - a potion of magic
 d - 2 potions of might {unknown}
 f - 3 potions of curing {unknown}
 j - a potion of brilliance {unknown}
 l - a potion of heal wounds {unknown}
 t - a potion of lignification {unknown}
 v - a potion of berserk rage {unknown}
 z - a potion of degeneration {unknown}
 B - a potion of ambrosia {unknown}
 C - a potion of invisibility {unknown}


   Skills:
 + Level 0.1 Fighting
 + Level 0.5 Short Blades
 + Level 2.6 Dodging
 + Level 3.4 Stealth
 + Level 3.4 Spellcasting
 + Level 5.7 Necromancy


You had 9 spell levels left.
You knew the following spells:

 Your Spells              Type           Power      Damage    Failure   Level
a - Necrotise             Necr           100%       1d9       1%          1

Your spell library contained the following spells:

 Spells                   Type           Power      Damage    Failure   Level
 Vampiric Draining        Necr           25%        2d7       4%          3
 Animate Dead             Necr           25%        N/A       14%         4
 Curse of Agony           Necr           25%        N/A       36%         5
 Martyr's Knell           Necr/Summ      14%        N/A       41%         4


Dungeon Overview and Level Annotations

Branches:
Dungeon (4/15)
 Temple: D:4-7

Altars:


Innate Abilities, Weirdness & Mutations

Your natural rate of healing is accelerated.
You have razor-sharp teeth.
You have supernaturally acute eyesight. (SInv)
You are afflicted with vampirism and can become a bat while bloodless.


Message History

You can't see any susceptible monsters within range! (Use Z to cast anyway.)
You swap places.
D - a scroll labelled RONYCS US UPS Your adder skeleton crumbles into dust!
A - 2 scrolls labelled YFFYTO LIEGARIE (gained 1)
You now have 172 gold pieces (gained 10).
E - an amulet of magic regeneration An iguana comes into view.
Found an escape hatch in the floor.
An iguana is nearby!
Found a stone staircase leading down.
Found 14 gold pieces.
An ogre comes into view. It is wielding a +0 giant club.
The ogre shouts!
The iguana bites you.
You barely miss the iguana. The iguana bites you!
Unknown command.
The iguana attacks as it pursues you! The iguana closely misses you.
The iguana attacks as it pursues you! The iguana bites you.
You enter the shallow water.
Moving in this stuff is going to be slow.
The iguana attacks as it pursues you! The iguana closely misses you.
The iguana bites you but does no damage.
Casting: Necrotise (safe; 1% risk of failure)
Confirm with . or Enter, or press ? or * to list all spells.
Aiming: Necrotise (safe; 1% risk of failure)
Press: ? - help, Shift-Dir - straight line, f - iguana
Aim: an iguana (chance to affect: 88%)
The iguana writhes in agony.
The iguana misses you. The iguana bites you!
You begin bloodletting.
You continue bloodletting.
The iguana bites you but does no damage.
You continue bloodletting.
The iguana hisses menacingly.
The iguana bites you but does no damage.
You continue bloodletting.
The iguana bites you.
The ogre hits you with a +0 giant club!!
Ouch! That really hurt!
You die...

....######.###.......#.# #.#
#>.................#.#####..
#..$...####...............
#...##.....#...####.####..
#....>.##.....###...<........
#......####.#.# ##..##.###...
#.....####...#####..##.###.##
#....O #≈≈~Ol≈≈≈##...#.#...##
#.$... ###..@#####.#.#.#.####
#..... ######....#......#..
#...#. ## ###.....####.#
##8###8####.......#
##..........##..##.#
#8..........###.##..
##..........# #.##..
#...##8#.).# #.##..
##...####...# #..###


You could see an ogre and an iguana.

Vanquished Creatures
  A bombardier beetle (D:4)
  Jessica (D:2)
  2 adders
  A white imp (D:4)
  A ribbon worm (D:3)
  2 dart slugs
  3 bats
  5 endoplasms
  3 giant cockroaches
  9 goblins
  5 hobgoblins
  11 jackals
  5 kobolds
  4 ball pythons
  2 frilled lizards
  4 rats
59 creatures vanquished.

Vanquished Creatures (collateral kills)
  A kobold (D:1)
  A rat (D:1)
2 creatures vanquished.

Grand Total: 61 creatures vanquished

Notes
Turn   | Place    | Note
-------+----------+-------------------------------------------
     0 | D:1      | Doot the Vampire Necromancer began the quest for the Orb.
     0 | D:1      | Reached XP level 1. HP: 13/13 MP: 3/3
   204 | D:1      | Reached XP level 2. HP: 19/19 MP: 0/5
   338 | D:1      | Reached skill level 5 in Necromancy
   625 | D:1      | Gained mutation: You are afflicted with vampirism and can
                  | become a bat while bloodless. [Vampire growth]
   625 | D:1      | Reached XP level 3. HP: 21/24 MP: 3/6
   954 | D:2      | Noticed Jessica
   983 | D:2      | Killed Jessica
   984 | D:2      | Reached XP level 4. HP: 30/30 MP: 4/8
  1911 | D:4      | Reached XP level 5. HP: 35/35 MP: 0/10
  1999 | D:4      | Identified the +4 dagger of the Lurker {drain, rElec Dex+3}
  2156 | D:4      | Noticed an ogre
  2170 | D:4      | Slain by an ogre

Illustrated notes

Levels and vault maps discovered:
D:1:      tekkud_arrival_beachfront_property, layout_rooms,
          basic_ecumenical_altar, minmay_3d_cube
D:2:      layout_rooms, dk_noncrumbling_3, nicolae_titane, uniq_jessica
D:3:      layout_basic, serial_bayou_crossing
D:4:      layout_basic, xom_teletrap_fun, mainiacjoe_overflow_small_starburst,
          minmay_temple_entry_nine_rooms, serial_corexii_hall,
          chequers_hall_statues_wall_a, corexii_hall_statues_s,
          corexii_hall_statues_u, chequers_serial_rivers_micro_a, st_stairs_13

Skill      XL: |  1  2  3  4 |
---------------+-------------+-----
Necromancy     | 5 |  5.7
Spellcasting   | 3 |  3.4
Fighting       | |  0.1
Short Blades   | |  0.5
Dodging        | |  2.6
Stealth        | |  3.4

Action                     |  1- 3 |  4- 6 || total
---------------------------+-------+-------++-------
  Melee: Dagger            |    15 |    26 ||    41
         Bite              |     1 |     4 ||     5
   Cast: Necrotise         |    43 |    54 ||    97
Ability: Exsanguinate      |       |     1 ||     1
 Armour: Robe              |    13 |    29 ||    42
  Dodge: Dodged            |    13 |    25 ||    38
